 Dungeon Crawl Stone Soup version 0.17.0-23-g0de4337 (webtiles) character file.

32052 tp1 the Thaumaturge (level 13, 0/72 HPs)
             Began as a Deep Elf Conjurer on Nov 13, 2015.
             Was a High Priest of Vehumet.
             Killed by divine providence
             ... invoked by Saint Roka
              (7 damage)
             ... on level 4 of the Orcish Mines.
             The game lasted 01:58:21 (20618 turns).

tp1 the Thaumaturge (Deep Elf Conjurer)            Turns: 20618, Time: 01:58:22

Health: 0/72       AC: 15    Str:  5    XL:     13   Next: 29%
Magic:  15/55      EV: 15    Int: 26    God:    Vehumet [*****.]
Gold:   1243       SH:  7    Dex: 15    Spells: 7 memorised, 4 levels left

rFire  x . .     SeeInvis .     I - staff of power
rCold  + . .     Clarity  .     Y - +2 robe "Ytekun" {+Inv rPois}
rNeg   . . .     SustAt   .     O - +2 buckler {AC+3}
rPois  +         Gourm    .     i - +1 helmet
rElec  .         Spirit   .     E - +1 cloak
rCorr  .         Warding  .     w - +0 pair of gloves
rMut   +         Stasis   .     s - +1 pair of boots
MR     +....                    k - amulet of resist mutation
Stlth  ++........               e - ring of ice
                                H - ring of magical power

@: very slightly contaminated, delayed fireball, somewhat resistant to hostile
enchantments, unstealthy
A: no striking features
a: Renounce Religion, Release Delayed Fireball, Evoke Invisibility


You were on level 4 of the Orcish Mines.
You worshipped Vehumet.
Vehumet was extremely pleased with you.
You were not hungry.

You visited 4 branches of the dungeon, and saw 20 of its levels.
You also visited: Ice Cave.

You collected 2023 gold pieces.
You spent 780 gold pieces at shops.

Inventory:

Armour
 i - a +1 helmet (worn)
 s - a +1 pair of boots (worn)
 w - a +0 pair of gloves (worn)
 E - a +1 cloak (worn)
 O - a +2 buckler of protection (worn)
 Y - the +2 robe "Ytekun" (worn) {+Inv rPois}
   (You found it on level 3 of the Lair of Beasts)

   It protects you from poison.
   It lets you turn invisible.
Magical Staves
 r - an uncursed staff of summoning
 I - an uncursed staff of power (weapon)
Jewellery
 e - a ring of ice (right hand)
 h - a +3 ring of intelligence
 k - an amulet of resist mutation (around neck)
 H - a ring of magical power (left hand)
 Q - an uncursed ring of magical power
Wands
 d - a wand of digging (12)
 x - a wand of slowing (30)
 D - a wand of confusion (47)
 F - a wand of polymorph (13)
 T - a wand of paralysis (14)
 Z - a wand of fireball (7)
Scrolls
 j - 4 scrolls of remove curse
 l - 10 scrolls of teleportation
 p - a scroll of magic mapping
 y - 3 scrolls of fear
 A - a scroll of enchant weapon
 K - 3 scrolls of immolation
 M - 2 scrolls of fog
 P - a scroll of enchant armour
 W - 3 scrolls of recharging
 X - a scroll of identify
Potions
 a - 2 potions of invisibility
 m - 2 potions of might
 n - 3 potions of cure mutation
 o - 9 potions of curing
 q - a potion of agility
 t - a potion of resistance
 u - 2 potions of mutation
 z - 2 potions of poison
 B - a potion of brilliance
 C - 3 potions of flight {unknown}
 N - 2 potions of haste {unknown}
 S - 4 potions of magic {unknown}
Books
 b - a book of Conjurations

   Spells                             Type                      Level
   a - Magic Dart                     Conjuration                  1
   b - Searing Ray                    Conjuration                  2
   c - Dazzling Spray                 Conjuration/Hexes            3
   d - Fulminant Prism                Conjuration/Hexes            4
   e - Iskenderun's Mystic Blast      Conjuration                  4
   f - Iskenderun's Battlesphere      Conjuration/Charms           5
 G - a book of Ice

   Spells                             Type                      Level
   a - Ice Form                       Ice/Transmutation            4
   b - Metabolic Englaciation         Hexes/Ice                    5
   c - Ozocubu's Refrigeration        Ice                          6
   d - Bolt of Cold                   Conjuration/Ice              6
   e - Freezing Cloud                 Conjuration/Ice/Air          6
   f - Simulacrum                     Ice/Necromancy               6
 J - a book of Air

   Spells                             Type                      Level
   a - Shock                          Conjuration/Air              1
   b - Swiftness                      Charms/Air                   2
   c - Repel Missiles                 Charms/Air                   2
   d - Static Discharge               Conjuration/Air              3
   e - Lightning Bolt                 Conjuration/Air              5
 L - a book of the Warp

   Spells                             Type                      Level
   a - Recall                         Summoning/Translocation      3
   b - Gell's Gravitas                Hexes/Translocation          3
   c - Force Lance                    Conjuration/Translocation    4
   d - Phase Shift                    Translocation                5
   e - Warp Weapon                    Charms/Translocation         5
   f - Summon Forest                  Summoning/Translocation      5
Comestibles
 c - 10 bread rations
 g - 8 meat rations
 v - 6 slices of pizza
 R - 4 beef jerkies
 V - 2 royal jellies


   Skills:
 - Level 5.0 Fighting
 - Level 6.3 Armour
 - Level 5.2 Dodging
 - Level 2.4 Stealth
 - Level 5.0 Shields
 + Level 12.2 Spellcasting
 - Level 12.0 Conjurations
 - Level 8.1 Charms
 - Level 5.3 Translocations
 - Level 10.0 Fire Magic
 - Level 6.6 Ice Magic
 - Level 3.0 Air Magic


You had 4 spell levels left.
You knew the following spells:

 Your Spells              Type           Power        Failure   Level  Hunger
a - Magic Dart            Conj           ####         1%          1    None
b - Bolt of Cold          Conj/Ice       #######...   4%          6    #####..
c - Force Lance           Conj/Tloc      ######..     1%          4    None
d - Iskenderun's Battles  Conj/Chrm      ######..     1%          5    ###....
e - Conjure Flame         Conj/Fire      #####...     1%          3    None
f - Freezing Cloud        Conj/Ice/Air   ######....   10%         6    #####..
g - Delayed Fireball      Conj/Fire      N/A          10%         7    ######.


Dungeon Overview and Level Annotations

Branches:
Dungeon (12/15)            Temple (1/1) D:7            Lair (3/8) D:9
  Swamp (0/4) Lair:3          Orc (4/4) D:10
  Snake: Lair:3-6    Spider: Lair:3-6       Elf: Orc:3-4

Altars:
Dithmenos
Elyvilon
Fedhas
Kikubaaqudgha
Nemelex Xobeh
Okawaru
Qazlal
Ru
Sif Muna
Trog
Vehumet
Xom
Yredelemnul
The Shining One

Shops:
D:5 *   D:12 !   Orc:4 (

Annotations:
Orc:4 Saint Roka


Message History

* * * LOW HITPOINT WARNING * * *
Saint Roka is engulfed in freezing vapours.
Saint Roka invokes the aid of Beogh against you.
Something smites you!
* * * LOW HITPOINT WARNING * * *
Drink which item? (? for menu, Esc to quit)
You feel much better.
Saint Roka is engulfed in roaring flames.
Saint Roka calls down the wrath of Beogh upon you.
Something smites you!
* * * LOW HITPOINT WARNING * * *
Things that are here:
a leather armour; a club; an orc corpse Saint Roka is engulfed in roaring flames.
Saint Roka invokes the aid of Beogh against you.
Something smites you!
* * * LOW HITPOINT WARNING * * *
Saint Roka calls down the wrath of Beogh upon you.
Something smites you!
You die...

#....# ####.#.........#
##..###### ##§§§..#....##.##
#...#.##.###.§§§.###..#####
##........###.§#####...#
##..........#o§.##.##.##
.#...........#.##......####
......[...#..#.#)...#...#.##
####...........*#.....<....#
#...........#@..)......##
##...)....[[...[....#.## ###
#...........)....).##.######.#
#..[.....[..[..........#..#...
#...)..)....o.........#.......
#....[..............###......#
#....................#..8.#.#.
##......)...........#....#....
#...............).....8.∩.8...


You could see Saint Roka and an orc.

Vanquished Creatures
  The ghost of bart the Earth Mage, an adept HuEE of Sif Muna (Orc:4)
  3 hydras
  Erica (Lair:2)
  A hill giant (D:10)
  An unseen horror (D:11)
  2 orc sorcerers
  14 spiny frogs
  A cyclops (D:11)
  A kobold demonologist (D:11)
  2 komodo dragons (Lair:3)
  A fire drake (Lair:2)
  3 trolls
  3 two-headed ogres
  Grinder (D:4)
  A trapdoor spider zombie (D:12)
  11 blink frogs
  A trapdoor spider (D:11)
  2 wyverns
  9 yaks
  Eustachio (D:7)
  5 hippogriffs
  A human (D:8)
  A steam dragon (D:11)
  2 hungry ghosts
  2 basilisks
  3 vampire mosquitoes (D:12)
  2 wargs
  Edmund (D:5)
  6 swamp worms (Lair:3)
  9 water moccasins
  12 porcupines
  3 sky beasts
  Duvessa (D:5)
  12 orc warriors
  A swamp drake (D:11)
  An eye of draining (D:9)
  8 ogres
  2 black bears (Lair:2)
  13 ice beasts
  2 phantoms
  9 crocodiles
  3 centaurs
  3 big kobolds
  Blork the orc (D:4)
  A wyvern zombie (D:10)
  8 giant frogs
  A water moccasin zombie (D:8)
  Dowan (D:5)
  3 scorpions
  A water moccasin skeleton (D:8)
  13 killer bees
  9 wights
  4 electric eels
  4 centaur zombies
  3 crimson imps
  5 hounds
  2 centaur skeletons
  21 orc priests
  2 giant frog zombies
  3 jellies
  8 iguanas
  14 orc wizards
  4 giant frog skeletons
  A quasit (D:9)
  6 worker ants
  15 sheep
  2 hound skeletons
  2 hound zombies
  2 worker ant zombies
  4 gnolls
  12 river rats
  6 adders
  A shadow imp (D:9)
  An ooze (D:1)
  5 adder zombies
  An adder skeleton (D:6)
  4 worms
  5 giant geckos
  157 orcs
  9 giant cockroaches
  7 goblins
  8 hobgoblins
  4 jackals
  21 kobolds
  7 quokkas
  3 bats
  A giant gecko zombie (D:6)
  5 giant newts
  A jackal skeleton (D:8)
  2 quokka skeletons
  4 quokka zombies
  6 rats
572 creatures vanquished.

Vanquished Creatures (others)
  A bush (D:9)
  5 fungi
  15 plants
21 creatures vanquished.

Grand Total: 593 creatures vanquished

Notes
Turn   | Place    | Note
--------------------------------------------------------------
     0 | D:1      | tp1 the Deep Elf Conjurer began the quest for the Orb.
     0 | D:1      | Reached XP level 1. HP: 10/10 MP: 6/6
   224 | D:1      | Reached XP level 2. HP: 13/15 MP: 4/8
   272 | D:1      | Reached skill level 5 in Conjurations
   608 | D:1      | Reached XP level 3. HP: 19/19 MP: 3/9
  1129 | D:2      | Found a faded altar to an unknown god.
  1370 | D:2      | Reached skill level 6 in Conjurations
  1395 | D:2      | Learned a level 2 spell: Searing Ray
  1413 | D:2      | Reached XP level 4. HP: 24/24 MP: 3/10
  2044 | D:3      | Found a sacrificial altar of Ru.
  2374 | D:3      | Reached skill level 5 in Spellcasting
  2374 | D:3      | Reached XP level 5. HP: 28/28 MP: 2/14
  2917 | D:4      | Noticed Blork the orc
  2926 | D:4      | Killed Blork the orc
  2933 | D:4      | Learned a level 5 spell: Iskenderun's Battlesphere
  3101 | D:4      | Noticed Eustachio
  3196 | D:4      | Noticed a phantom
  3205 | D:4      | Killed a phantom
  3205 | D:4      | Reached XP level 6. HP: 19/32 MP: 6/17
  3223 | D:4      | Noticed an ogre
  3232 | D:4      | Killed an ogre
  3232 | D:4      | Reached skill level 5 in Charms
  3725 | D:4      | Noticed Grinder
  3744 | D:4      | Killed Grinder
  3744 | D:4      | Reached skill level 7 in Charms
  3744 | D:4      | Reached XP level 7. HP: 36/36 MP: 10/18
  3842 | D:5      | Entered Level 5 of the Dungeon
  3880 | D:5      | Reached skill level 8 in Charms
  3918 | D:5      | Noticed Dowan
  3922 | D:5      | Killed Dowan
  3942 | D:5      | Noticed Duvessa
  3953 | D:5      | Killed Duvessa
  4288 | D:5      | Noticed Edmund
  4308 | D:5      | Killed Edmund
  4308 | D:5      | Reached XP level 8. HP: 30/41 MP: 6/19
  4545 | D:5      | Found Vooh Napu's General Store.
  5150 | D:6      | Learned a level 4 spell: Force Lance
  5289 | D:6      | Found a stormy altar of Qazlal.
  5673 | D:6      | Reached skill level 9 in Spellcasting
  5913 | D:6      | Reached skill level 10 in Spellcasting
  6690 | D:6      | Reached skill level 11 in Spellcasting
  6690 | D:6      | Reached XP level 9. HP: 18/45 MP: 6/26
  6884 | D:7      | Found a staircase to the Ecumenical Temple.
  6992 | D:7      | Killed Eustachio
  6992 | D:7      | Reached skill level 12 in Spellcasting
  7056 | D:7      | Reached skill level 1 in Translocations
  7445 | D:7      | Reached skill level 5 in Translocations
  7510 | D:7      | Reached skill level 1 in Fighting
  7904 | Temple   | Entered the Ecumenical Temple
  7963 | Temple   | Became a worshipper of Vehumet
  8482 | D:7      | Found a staircase to the Ecumenical Temple.
  8978 | D:8      | Reached XP level 10. HP: 57/57 MP: 19/28
  8998 | D:8      | Got a pitted trident
  9002 | D:8      | Identified the +6 trident "Juluidan" {vamp, rF- Str+6 Dex+4} (You found it on level 8 of the Dungeon)
  9147 | D:8      | Found a basalt altar of Yredelemnul.
  9155 | D:8      | Reached skill level 5 in Fighting
  9283 | D:8      | Reached skill level 1 in Armour
  9468 | D:8      | Reached * piety under Vehumet
  9468 | D:8      | Offered knowledge of Flame Tongue by Vehumet.
  9864 | D:9      | Offered knowledge of Sting by Vehumet.
  9869 | D:9      | Noticed a seven-headed hydra
  9871 | D:9      | Reached ** piety under Vehumet
 10339 | D:9      | Found a staircase to the Lair.
 10352 | D:9      | Reached skill level 5 in Armour
 10493 | D:9      | Killed a seven-headed hydra
 10550 | D:9      | Offered knowledge of Conjure Flame by Vehumet.
 10564 | D:9      | Learned a level 3 spell: Conjure Flame
 10777 | Lair:1   | Entered Level 1 of the Lair of Beasts
 10782 | Lair:1   | Reached *** piety under Vehumet
 10815 | Lair:1   | Reached XP level 11. HP: 63/63 MP: 29/29
 10866 | Lair:1   | Reached skill level 5 in Dodging
 10916 | Lair:1   | Reached skill level 1 in Fire Magic
 10978 | Lair:1   | Offered knowledge of Stone Arrow by Vehumet.
 11330 | Lair:1   | Reached skill level 5 in Fire Magic
 12372 | Lair:2   | Noticed Erica
 12380 | Lair:2   | Killed Erica
 12411 | Lair:2   | Noticed a four-headed hydra
 12417 | Lair:2   | Killed a four-headed hydra
 12880 | Lair:2   | Reached skill level 10 in Fire Magic
 13420 | Lair:3   | Reached XP level 12. HP: 68/68 MP: 30/30
 13514 | Lair:3   | Reached **** piety under Vehumet
 13638 | Lair:3   | Got a silken robe
 13649 | Lair:3   | Identified the +2 robe "Ytekun" {+Inv rPois} (You found it on level 3 of the Lair of Beasts)
 13866 | Lair:3   | Reached skill level 10 in Conjurations
 13903 | Lair:3   | Reached skill level 1 in Shields
 14041 | Lair:3   | Offered knowledge of Sticky Flame by Vehumet.
 14410 | Lair:3   | Found a staircase to the Swamp.
 14495 | Lair:3   | Noticed a five-headed hydra
 14505 | Lair:3   | Killed a five-headed hydra
 14786 | Lair:1   | Reached skill level 5 in Shields
 14829 | D:10     | Entered Level 10 of the Dungeon
 15186 | D:10     | Found a staircase to the Orcish Mines.
 15438 | D:10     | Found a deep blue altar of Sif Muna.
 15665 | Orc:1    | Entered Level 1 of the Orcish Mines
 15717 | D:10     | Reached ***** piety under Vehumet
 15977 | D:5      | Bought a book of Ice for 780 gold pieces
 15984 | D:5      | Learned a level 6 spell: Freezing Cloud
 16134 | D:11     | Reached skill level 1 in Air Magic
 16155 | D:11     | Reached skill level 1 in Ice Magic
 16156 | D:11     | Offered knowledge of Bolt of Magma by Vehumet.
 17192 | D:12     | Found Uchy's Distillery.
 17226 | D:12     | Reached XP level 13. HP: 72/72 MP: 31/31
 17779 | D:11     | Learned a level 6 spell: Bolt of Cold
 18507 | Orc:2    | Offered knowledge of Delayed Fireball by Vehumet.
 18516 | Orc:2    | Learned a level 7 spell: Delayed Fireball
 18524 | Orc:2    | Found a frozen archway.
 18566 | IceCv    | Entered an ice cave
 18566 | IceCv    | Noticed st0uf's ghost (journeyman DrFE)
 18932 | Orc:4    | Entered Level 4 of the Orcish Mines
 18962 | Orc:4    | Noticed bart's ghost (adept HuEE)
 18974 | Orc:4    | Killed bart's ghost
 18974 | Orc:4    | Reached skill level 5 in Ice Magic
 19303 | Orc:4    | Found Miuppoyc's Weapon Boutique.
 19456 | Orc:4    | Noticed Saint Roka
 19894 | Orc:3    | Offered knowledge of Bolt of Fire by Vehumet.
 20618 | Orc:4    | Killed from afar by Saint Roka

Action                   |  1- 3 |  4- 6 |  7- 9 | 10-12 | 13-15 || total
-------------------------+-------+-------+-------+-------+-------++-------
Melee: Unarmed           |     3 |       |       |       |       ||     3
       Short sword       |       |       |     4 |       |       ||     4
       Rapier            |       |       |     3 |       |       ||     3
       Mace              |       |       |     3 |     3 |       ||     6
       Staff             |       |       |       |     1 |       ||     1
Throw: Javelin           |       |       |     6 |       |       ||     6
 Cast: Magic Dart        |    72 |    70 |   182 |   486 |   173 ||   983
       Searing Ray       |       |    17 |     8 |     1 |       ||    26
       Iskenderun's Batt |       |     3 |    45 |   104 |    39 ||   191
       Force Lance       |       |       |    14 |    39 |    21 ||    74
       Conjure Flame     |       |       |       |    16 |     4 ||    20
       Bolt of Cold      |       |       |       |       |    12 ||    12
       Freezing Cloud    |       |       |       |       |     7 ||     7
       Delayed Fireball  |       |       |       |       |     2 ||     2
 Abil: Evoke Invisibilit |       |       |       |       |     2 ||     2
       Release Delayed F |       |       |       |       |     1 ||     1
  Use: Potion            |       |       |     2 |       |     4 ||     6
       Scroll            |       |       |    13 |    13 |       ||    26
  Eat: Chunk             |     1 |     6 |    16 |    31 |    11 ||    65
       Bread ration      |       |     1 |       |     1 |     2 ||     4
       Pizza             |       |       |     3 |       |     2 ||     5
       Beef jerky        |       |       |     1 |       |       ||     1
       Fruit             |       |       |       |     1 |       ||     1
